 Dungeon Crawl Stone Soup version 0.30-a0-1161-g0704695555 (webtiles) character file.

Game seed: 17944373965838905061

104 Demosthentine the Ducker (level 4, -2/34 HPs)
             Began as a Demonspawn Gladiator on Apr 27, 2023.
             Killed from afar by a steam dragon (19 damage)
             ... with a ball of steam
             ... on level 3 of the Dungeon.
             The game lasted 00:01:39 (1863 turns).

Demosthentine the Ducker (Demonspawn Gladiator)     Turns: 1863, Time: 00:01:40

Health: -2/34      AC:  6    Str: 16    XL:     4   Next: 52%
Magic:  4/4        EV: 12    Int: 10    God:
Gold:   129        SH:  0    Dex: 14    Spells: 3/3 levels left

rFire   . . .        a - +1 trident
rCold   . . .        (no shield)
rNeg    . . .        b - +0 leather armour
rPois   .            c - +0 helmet
rElec   .            (no cloak)
rCorr   .            h - +1 pair of gloves
SInv    .            (no boots)
Will    .....        (no amulet)
Stlth   +            (no ring)
HPRegen 0.25/turn    (no ring)
MPRegen 0.09/turn

%: no passive effects
@: no status effects
A: hooves 1, powered by pain 1
a: no special abilities


You were on level 3 of the Dungeon.
You visited 1 branch of the dungeon, and saw 3 of its levels.

You collected 129 gold pieces.

Inventory:

Hand Weapons
 a - a +1 trident (weapon)
Missiles
 d - 4 throwing nets (quivered)
 e - a javelin
 n - 9 poisoned darts
Armour
 b - a +0 leather armour (worn)
 c - a +0 helmet (worn)
 h - a +1 pair of gloves (worn)
Wands
 j - a wand of flame (10)
Scrolls
 f - a scroll of enchant armour
 l - a scroll of identify
 m - a scroll of teleportation
Potions
 g - a potion of attraction
 i - 3 potions of flight {unknown}
 k - a potion of degeneration {unknown}


   Skills:
 + Level 2.9 Fighting
 + Level 3.3 Polearms
 - Level 1.7 Throwing
 + Level 1.7 Armour
 + Level 3.3 Dodging


You had 3 spell levels left.
You didn't know any spells.
Your spell library contained the following spells:

 Spells                   Type           Power      Damage    Failure   Level
 Ensorcelled Hibernation  Hex/Ice        0%         N/A       56%         2
 Passwall                 Tmut/Erth      0%         N/A       56%         2
 Swiftness                Air            0%         N/A       80%         3


Dungeon Overview and Level Annotations

Branches:
Dungeon (3/15)

Altars:


Innate Abilities, Weirdness & Mutations

You have large cloven feet.
You sometimes gain a little power by taking damage.


Message History

Key pressed, stopping explore.
No target in view!
No target in view!
i - 3 golden potions (gained 2)
Found a spear.
No target in view!
Found a stone staircase leading down.
No target in view!
No target in view!
j - a wand of flame (10) No target in view!
l - a scroll of identify No target in view!
Key pressed, stopping explore.
No target in view!
No target in view!
Key pressed, stopping explore.
No target in view!
Found a stone staircase leading down.
No target in view!
Key pressed, stopping explore.
No target in view!
No target in view!
n - 9 poisoned darts (gained 5) No target in view!
There is a stone staircase leading down here.
A steam dragon comes into view.
The steam dragon hisses angrily.
A rat comes into view.
The steam dragon breathes steam at you. The ball of steam hits you!
You're standing in a cloud of steam!
There are monsters nearby!
You puncture the steam dragon! You kick the steam dragon.
The steam dragon is moderately wounded.
The steam dragon barely misses you. The steam dragon claws you.
The steam dragon breathes steam at you. The ball of steam hits you!!
Ouch! That really hurt!
You die...

###..........)......g.
####............>........
##.......#####............
#.....##># ..#.........
########.# .# ......# #.#
# ...... #.# ####ยง###
#....@.# #...rD.....#
#......###.# #......#
#....... #........
#......... #######...


You could see a steam dragon (catching breath) and a rat.

Vanquished Creatures
  3 gnolls (D:3)
  2 adders (D:2)
  A worm (D:3)
  2 dart slugs
  3 ball pythons (D:2)
  4 bats
  4 endoplasms (D:1)
  2 giant cockroaches (D:1)
  5 hobgoblins
  2 quokkas
  2 frilled lizards (D:1)
  9 goblins
  5 kobolds
  6 rats
50 creatures vanquished.

Notes
Turn   | Place    | Note
-------+----------+-------------------------------------------
     0 | D:1      | Demosthentine the Demonspawn Gladiator began the quest for
                  | the Orb.
     0 | D:1      | Reached XP level 1. HP: 16/16 MP: 1/1
   127 | D:1      | Gained mutation: You sometimes gain a little power by
                  | taking damage. [demonic ancestry]
   127 | D:1      | Reached XP level 2. HP: 17/22 MP: 2/2
   408 | D:1      | Reached skill level 1 in Armour
   415 | D:1      | Found a faded altar of an unknown god.
   891 | D:1      | Reached XP level 3. HP: 28/28 MP: 3/3
  1564 | D:3      | Gained mutation: You have large cloven feet. [demonic
                  | ancestry]
  1564 | D:3      | Reached XP level 4. HP: 26/34 MP: 4/4
  1859 | D:3      | Noticed a steam dragon
  1863 | D:3      | Killed from afar by a steam dragon

Illustrated notes

Levels and vault maps discovered:
D:1:      ncdulo_halloftheorcs, layout_loops_ring,
          hellmonk_ecumenical_altar_leap_of_faith
D:2:      layout_rooms, kennysheep_boxes
D:3:      layout_rooms, nicolae_qazlal_eye_of_the_storm, minmay_checkerbox

Skill      XL: |  1  2 |
---------------+-------+-----
Armour         | 1 |  1.7
Dodging        | 3 |  3.3
Polearms       | 3 |  3.3
Fighting       | |  2.9
Throwing       | |  1.7

Action                     |  1- 3 |  4- 6 || total
---------------------------+-------+-------++-------
  Melee: Trident           |   133 |    33 ||   166
         Punch             |     1 |       ||     1
         Kick              |       |     8 ||     8
    Use: Scroll            |     5 |       ||     5
 Armour: Leather armour    |    35 |     7 ||    42
  Dodge: Dodged            |    73 |    20 ||    93

Table legend: (Time is in decaauts)
 A = Elapsed time spent in this place.
 B = Non-inter-level travel time spent in this place.
 C = Inter-level travel time spent in this place.
 D = Time resting spent in this place.
 E = Time spent auto-exploring this place.
 F = Levels seen in this place.
 G = Mean time per level.
                   A        B        C        D        E       F      G
               +--------+--------+--------+--------+--------+-----+--------+
         Total |   1887 |   1831 |     56 |      0 |   1412 |   3 |  629.0 |
       Dungeon |   1887 |   1831 |     56 |      0 |   1412 |   3 |  629.0 |
               +--------+--------+--------+--------+--------+-----+--------+

Top non-repeatable levels by time:
     D:1: 942 daAuts
     D:2: 625 daAuts
     D:3: 319 daAuts
